 Dungeon Crawl Stone Soup version 0.31-a0-232-gb1c03b2570 (webtiles) character file.

Game seed: 14312551989491749528

171 qw the Shooter (level 5, -5/41 HPs)
             Began as a Minotaur Hexslinger on July 6, 2023.
             Shot with an arrow by a centaur (9 damage)
             ... on level 4 of the Dungeon.
             The game lasted 00:00:49 (2479 turns).

qw the Shooter (Minotaur Hexslinger)                Turns: 2479, Time: 00:00:50

Health: -5/41      AC:  3    Str: 11    XL:     5   Next: 26%
Magic:  0/5        EV: 12    Int: 14    God:
Gold:   184        SH:  0    Dex: 14    Spells: 5/6 levels left

rFire   . . .        Y - +1 sling (drain)
rCold   . . .        (no shield)
rNeg    . . .        h - +0 leather armour
rPois   .            (helmet restricted)
rElec   .            (no cloak)
rCorr   .            (no gloves)
SInv    .            (no boots)
Will    .....        l - amulet of guardian spirit
Stlth   +            (no ring)
HPRegen 0.26/turn    (no ring)
MPRegen 0.09/turn

%: guardian spirit
@: about to teleport
A: horns 2, retaliatory headbutt, clever 1, sense surroundings 1
a: no special abilities


You were on level 4 of the Dungeon.
You visited 1 branch of the dungeon, and saw 4 of its levels.

You collected 184 gold pieces.


Innate Abilities, Weirdness & Mutations

You have a pair of horns on your head.
You reflexively headbutt those who attack you in melee.
Your mind is acute. (Int +4, Str/Dex -1)
You passively map a small area around you.


   Skills:
 + Level 2.1 Fighting
 - Level 5.9 Ranged Weapons
 - Level 2.1 Dodging
 - Level 1.0 Spellcasting
 - Level 2.0 Hexes


You had 5 spell levels left.
You knew the following spells:

 Your Spells              Type           Power      Damage    Failure   Level
a - Slow                  Hex            24%        N/A       16%         1

Your spell library contained the following spells:

 Spells                   Type           Power      Damage    Failure   Level
 Inner Flame              Hex/Fire       3%         N/A       56%         3
 Portal Projectile        Hex/Tloc       6%         N/A       56%         3
 Cause Fear               Hex            3%         N/A       83%         4

Inventory:

Hand Weapons
 Y - a +1 sling of draining (weapon)
Armour
 h - a +0 leather armour (worn)
Jewellery
 l - an amulet of guardian spirit (around neck)
Scrolls
 k - 2 scrolls of identify
Potions
 d - a potion of curing {unknown}
 e - a potion of mutation
 f - a potion of resistance {unknown}
 g - a potion of enlightenment {unknown}
 i - a potion of haste {unknown}
 j - a potion of heal wounds {unknown}

Dungeon Overview and Level Annotations

Branches:
Dungeon (4/15)
 Temple: D:4-7

Altars:
Ru


Message History

Found 3 boomerangs.
Enter note:
Enter note: You now have 184 gold pieces (gained 13).
You open the door.
A centaur comes into view.
The centaur shouts!
The centaur wields a +0 shortbow.
The centaur shoots an arrow.
The arrow hits you!
Enter note:
Enter note: You shoot a sling bullet.
The sling bullet hits the centaur.
The centaur is lightly wounded.
The centaur shoots an arrow.
The arrow barely misses you.
You shoot a sling bullet. The sling bullet hits the centaur.
The centaur is heavily wounded.
The centaur shoots an arrow.
The arrow hits you!
The centaur shoots an arrow.
The arrow hits you!
You shoot a sling bullet.
The sling bullet barely misses the centaur.
The centaur shoots an arrow.
The arrow barely misses you.
You shoot a sling bullet.
The sling bullet barely misses the centaur.
The centaur shoots an arrow.
The arrow hits you.
You shoot a sling bullet. The sling bullet hits the centaur.
You drain the centaur.
The centaur is severely wounded.
The centaur shoots an arrow.
The arrow hits you.
The centaur shoots an arrow.
The arrow hits you!
2478 ||| READING scroll of teleportation.
As you read the scroll of teleportation, it crumbles to dust.
You feel strangely unstable.
The centaur shoots an arrow.
The arrow hits you.
The centaur shoots an arrow.
The arrow closely misses you.
You shoot a sling bullet.
The sling bullet hits the centaur but does no damage.
You drain the centaur.
The centaur is almost dead.
The centaur shoots an arrow.
The arrow hits you!
You die...

#.....##.....# ... ,
,#......+.....# .. , ,
#..)..##.....# +** # ,
, #.....##.....+ ,, .#
* , *#.....'......#
..., ,
,*#.....#..(...#*,
...# , #...####.##..#
,....# * ,
#...####.##..##c....#
,,
#..<+........@'......
#.^..#........##.....#
#....#.........#
#####,
#.####....###.(# * *,
#....##..##
#.........#
#.........#
##.#..#..## * * #
####### *


You could see a centaur (very drained).

Vanquished Creatures
  A phantom (D:3)
  3 adders
  A worm (D:2)
  An orc (D:4)
  4 bats
  6 endoplasms
  4 giant cockroaches
  9 goblins
  3 hobgoblins (D:1)
  3 jackals (D:1)
  3 quokkas
  8 ball pythons
  6 frilled lizards
  4 kobolds
  8 rats
64 creatures vanquished.

Notes
Turn   | Place    | Note
-------+----------+-------------------------------------------
     0 | D:1      | qw the Minotaur Hexslinger began the quest for the Orb.
     0 | D:1      | Reached XP level 1. HP: 16/16 MP: 1/1
     0 | D:1      | 0 ||| qw: Version: 0.3-a-46-gb1f654a
     0 | D:1      | 0 ||| qw: Game counter: 2141
     0 | D:1      | 0 ||| qw: Melee chars always use a shield: true
     0 | D:1      | 0 ||| qw: God list: Okawaru
     0 | D:1      | 0 ||| qw: Allow faded altars: false
     0 | D:1      | 0 ||| qw: Do Orc after clearing Dungeon:15 true
     0 | D:1      | 0 ||| qw: Do second Lair branch before Depths: true
     0 | D:1      | 0 ||| qw: Lair rune preference: random
     0 | D:1      | 0 ||| qw: Goals: Normal
     0 | D:1      | 0 ||| PLANNING D:1-11
   144 | D:1      | Reached skill level 3 in Ranged Weapons
   163 | D:1      | Reached XP level 2. HP: 23/23 MP: 2/2
   389 | D:1      | Reached XP level 3. HP: 29/29 MP: 3/3
   703 | D:1      | 703 ||| DROPPING ring of flight.
   704 | D:1      | 704 ||| READING 2 scrolls labelled ZIMOCE BAZXASCH.
   709 | D:1      | 709 ||| READING scroll labelled EMIHEA LAGRU.
   710 | D:1      | 710 ||| DROPPING scroll of poison.
   729 | D:2      | Reached skill level 4 in Ranged Weapons
   948 | D:2      | Reached XP level 4. HP: 36/36 MP: 4/4
  1299 | D:2      | 1299 ||| UPGRADING to +0 leather armour.
  1309 | D:2      | 1309 ||| DROPPING +0 robe.
  1310 | D:2      | 1310 ||| UPGRADING to amulet of guardian spirit.
  1315 | D:2      | 1315 ||| READING scroll labelled XODESH HYREB.
  1316 | D:2      | 1316 ||| READING 2 scrolls labelled MIPUEFANEI.
  1417 | D:2      | 1417 ||| READING 2 scrolls labelled SUGHAA ERELUUW.
  1418 | D:2      | 1418 ||| DROPPING scroll of silence.
  1583 | D:3      | Found a sacrificial altar of Ru.
  1834 | D:3      | Noticed a phantom
  1848 | D:3      | Killed a phantom
  1849 | D:3      | Reached skill level 5 in Ranged Weapons
  1849 | D:3      | Reached XP level 5. HP: 20/41 MP: 3/5
  2284 | D:3      | 2284 ||| READING scroll labelled LOOLOO GACOPS.
  2285 | D:3      | 2285 ||| READING scroll labelled PEFFUUBEH.
  2286 | D:3      | 2286 ||| READING scroll labelled JIVOAROQEI.
  2352 | D:3      | 2352 ||| DRINKING 2 sedimented golden potions.
  2352 | D:3      | Gained mutation: Your mind is acute. (Int +4, Str/Dex -1)
                  | [potion of mutation]
  2352 | D:3      | Gained mutation: You passively map a small area around you.
                  | [potion of mutation]
  2472 | D:4      | Noticed a centaur
  2477 | D:4      | HP: 5/41 [centaur/arrow (7)]
  2478 | D:4      | 2478 ||| READING scroll of teleportation.
  2479 | D:4      | Shot with an arrow by a centaur

Levels and vault maps discovered:
D:1:      dpeg_cavernosity, layout_rooms, minmay_octomino_e4
D:2:      layout_basic
D:3:      layout_loops_corners, mainiacjoe_overflow_six_doors_small
D:4:      layout_gridville, vehumet_statue, nicolae_shop_i_like_small_books_too,
          uniq_pikel

Skill      XL: |  1  2  3  4 |
---------------+-------------+-----
Ranged Weapons | 3 4 5 |  5.9
Fighting       | 2 |  2.1
Dodging        | |  2.1
Spellcasting   | |  1.0
Hexes          | |  2.0

Action                     |  1- 3 |  4- 6 || total
---------------------------+-------+-------++-------
   Fire: Sling             |   115 |    55 ||   170
    Use: Scroll            |     2 |     7 ||     9
         Potion            |       |     1 ||     1
 Armour: Robe              |     4 |       ||     4
         Leather armour    |       |     4 ||     4
  Dodge: Dodged            |    45 |    14 ||    59

Table legend:
 A = Non-vault XP
 B = Vault XP
 C = Vault XP percentage of total XP
 D = Non-vault monster count
 E = Vault monster count
 F = Vault count percentage of total count
                 A         B        C        D         E       F
            +---------+---------+-------+---------+---------+-------
      Total |     230 |      15 |   6.1 |      55 |       9 |  14.1
            +---------+---------+-------+---------+---------+-------
        D:1 |      38 |      15 |  28.3 |      26 |       9 |  25.7
        D:2 |      57 |       0 |   0.0 |      18 |       0 |   0.0
        D:3 |     132 |       0 |   0.0 |      10 |       0 |   0.0
        D:4 |       3 |       0 |   0.0 |       1 |       0 |   0.0
            +---------+---------+-------+---------+---------+-------
